 Dungeon Crawl Stone Soup version 0.26-a0-661-g406de6ba63 (webtiles) character file.

Game seed: 12699163988429421466

242489 marklar909 the Earth Mage (level 20, -7/153 HPs)
             Began as a Formicid Earth Elementalist on Oct 8, 2020.
             Was the Champion of Fedhas.
             Splashed by a deep elf sorcerer's acid (8 damage)
             ... on level 3 of the Elven Halls on Oct 9, 2020.
             The game lasted 02:39:05 (55578 turns).

marklar909 the Earth Mage (FoEE)                   Turns: 55578, Time: 02:39:05

Health: -7/153     AC: 29    Str: 25    XL:     20   Next: 64%
Magic:  36/45      EV: 14    Int: 26    God:    Fedhas [******]
Gold:   1382       SH: 19    Dex:  8    Spells: 17/43 levels left

rFire    . . .     SeeInvis +   a - +8 glaive of the Guard {elec, +Rage AC+5 SInv}
rCold    . . .     Faith    .   E - +1 kite shield {rN+}
rNeg     + . .     Spirit   .   O - +2 plate armour of Demons {MR+++ MP+9 Dex-3 Slay+5}
rPois    .         Reflect  +   (helmet unavailable)
rElec    .         Harm     .   j - +0 cloak of the Rose {MR+}
rCorr    .         Rampage  .   d - +1 pair of gloves {archery}
MR       +++++                  g - +5 pair of boots "Uttouc" {Int+6 SInv}
Stlth    ..........             h - amulet "Qamozoiph" {Reflect Int+2 SH+5}
HPRegen  0.35/turn              n - +4 ring of evasion
MPRegen  0.29/turn              L - +6 ring of strength

@: engulfed (cannot breathe), corroded
A: permanent stasis, dig shafts and tunnels, four strong arms, antennae 3
}: 1/15 runes: gossamer
a: Dig, Shaft Self, Wall of Briars, Grow Ballistomycete, Overgrow, Grow Oklob,
Renounce Religion


You were on level 3 of the Elven Halls.
You worshipped Fedhas.
Fedhas was exalted by your worship.
You visited 6 branches of the dungeon, and saw 31 of its levels.
You also visited: Ice Cave.

You collected 4005 gold pieces.
You spent 2623 gold pieces at shops.

Inventory:

Hand Weapons
 a - the +8 glaive of the Guard (weapon) {elec, +Rage AC+5 SInv}
   (You took it off a wight on level 15 of the Dungeon)

   Occasionally, upon striking a foe, it will discharge some electrical energy
   and cause terrible harm.
   It affects your AC (+5).
   It lets you see invisible.
   It lets you go berserk.
 b - a +2 arbalest of flaming
Missiles
 i - 344 stones (quivered)
 t - 678 bolts
 S - 13 curare-tipped darts
Armour
 d - a +1 pair of gloves of archery (worn)
 g - the +5 pair of boots "Uttouc" (worn) {Int+6 SInv}
   (You bought it in a shop on level 2 of the Orcish Mines)

   It affects your intelligence (+6).
   It lets you see invisible.
 j - the +0 cloak of the Rose (worn) {MR+}
   (You bought it in a shop on level 2 of the Orcish Mines)

   It affects your resistance to hostile enchantments.
 x - the +0 chain mail of Midwinter {rF+ Str-5 Dex+7}
   (You found it on level 2 of the Elven Halls)

   It affects your strength (-5).
   It affects your dexterity (+7).
   It protects you from fire.
 E - a +1 kite shield of positive energy (worn)
 O - the +2 plate armour of Demons (worn) {MR+++ MP+9 Dex-3 Slay+5}
   (You found it on level 2 of the Spider Nest)

   It affects your dexterity (-3).
   It affects your accuracy and damage with ranged weapons and melee attacks
   (+5).
   It affects your resistance to hostile enchantments.
   It affects your magic capacity (+9).
 Q - the +5 ring mail of Habbieha {rC- Dex+7, unknown}
   (You found it on level 3 of the Elven Halls)

   It affects your dexterity (+7).
   It makes you vulnerable to cold.
Jewellery
 h - the amulet "Qamozoiph" (around neck) {Reflect Int+2 SH+5}
   (You acquired it on level 9 of the Dungeon)

   [amulet of reflection]

   It shields you and reflects attacks.
   It affects your intelligence (+2).
   It affects your SH (+5).
 n - a +4 ring of evasion (left hand)
 o - an uncursed ring of flight
 K - an uncursed ring of positive energy
 L - a +6 ring of strength (right hand)
 M - a +4 ring of protection
 R - an uncursed ring of stealth
 T - the amulet of Vitality {Regen+ HP+15}
   (You took it off a deep elf high priest on level 3 of the Elven Halls)

   [amulet of regeneration]

   It affects your health (+15).
   It increases your rate of regeneration.
Wands
 c - a wand of acid (14)
 w - a wand of disintegration (19)
 C - a wand of enslavement (5)
 G - a wand of paralysis (40)
 H - a wand of digging (7)
Scrolls
 k - 17 scrolls of identify
 p - 3 scrolls of fear
 r - a scroll of summoning
 s - 5 scrolls of amnesia
 v - 8 scrolls of remove curse
 y - 3 scrolls of fog
 A - 5 scrolls of magic mapping
 J - a scroll of holy word
Potions
 e - 4 potions of brilliance
 f - 4 potions of magic
 l - 4 potions of flight
 m - 3 potions of stabbing
 q - 7 potions of ambrosia
 u - 3 potions of might
 z - a potion of mutation
 B - 2 potions of resistance
 F - 6 potions of lignification
 I - 9 potions of curing
 N - a potion of heal wounds
 P - 4 potions of cancellation
Miscellaneous
 D - a tin of tremorstones (3/3)


   Skills:
 * Level 12.0 Fighting
 + Level 10.1 Polearms
 + Level 7.7 Crossbows
 + Level 0.7 Throwing
 + Level 12.6 Armour
 + Level 7.1 Dodging
 + Level 8.4 Stealth
 + Level 13.5 Shields
 + Level 1.0 Unarmed Combat
 + Level 12.4 Spellcasting
 - Level 4.4 Conjurations
 * Level 10.4 Transmutations
 * Level 16.0 Earth Magic
 + Level 9.9 Poison Magic
 + Level 10.2 Invocations
 + Level 1.2 Evocations


You had 17 spell levels left.
You knew the following spells:

 Your Spells              Type           Power        Failure   Level
a - Sandblast             Erth           ######       1%          1
b - Stone Arrow           Conj/Erth      ######       1%          3
c - Lee's Rapid Deconstr  Erth           #######...   1%          5
d - Petrify               Tmut/Erth      ######..     1%          4
e - Mephitic Cloud        Conj/Pois/Air  #####...     13%         3
f - Olgreb's Toxic Radia  Pois           ######..     5%          4
g - Statue Form           Tmut/Erth      ######...    21%         6

Your spell library contained the following spells:

 Spells                   Type           Power        Failure   Level
 Sting                    Tmut/Pois      ####         1%          1
 Passwall                 Tmut/Erth      ######..     1%          2
 Magic Dart               Conj           ####         4%          1
 Ignite Poison            Fire/Tmut/Pois ######..     5%          3
 Poisonous Vapours        Pois/Air       #####.       6%          2
 Searing Ray              Conj           #####.       8%          2
 Foxfire                  Conj/Fire      ####         12%         1
 Conjure Flame            Conj/Fire      ####....     36%         3
 Dazzling Flash           Conj/Hex       ####..       36%         3
 Confusing Touch          Hex            ###.....     67%         3
 Gell's Gravitas          Tloc           ###.......   67%         3
 Inner Flame              Hex/Fire       ###.....     67%         3
 Yara's Violent Unravell  Hex/Tmut       #####.....   69%         5
 Fulminant Prism          Conj/Hex       ####......   77%         4
 Iskenderun's Mystic Bla  Conj/Tloc      ####....     77%         4
 Sticky Flame             Conj/Fire      ####....     77%         4
 Passage of Golubria      Tloc           N/A          97%         4
 Fireball                 Conj/Fire      ####......   98%         5
 Metabolic Englaciation   Hex/Ice        ###.......   100%        5
 Invisibility             Hex            ###.....     100%        6
 Shatter                  Erth           #######...   100%        9
 Swiftness                Air            Unusable     N/A         2

Dungeon Overview and Level Annotations

Branches:
Dungeon (15/15)            Temple (1/1) D:6            Lair (6/6) D:9
 Shoals (0/4) Lair:2       Spider (4/4) Lair:4        Slime (0/5) Lair:5
    Orc (2/2) D:12            Elf (3/3) Orc:2        Vaults (0/5) D:14
 Depths (0/5) D:15          IceCv (visited)

Altars:
Ashenzari
Cheibriados
Dithmenos
Elyvilon
Fedhas
Gozag
Hepliaklqana
Kikubaaqudgha
Makhleb
Nemelex Xobeh
Okawaru
Qazlal
Ru
Sif Muna
Trog
Uskayaw
Vehumet
Wu Jian
Xom
Yredelemnul
Zin
The Shining One
Beogh
Jiyva

Shops:
D:5 [   D:6 [   D:15 [   Orc:2 **[[[   Elf:2 :

Portals:
Hell: Lair:6
Trove: Elf:3 (give 4 potions of resistance)

Annotations:
Elf:3 exclusions: deep elf elementalist and 9 more exclusions


Innate Abilities, Weirdness & Mutations

You cannot be hasted, slowed, berserked, paralysed or teleported.
You can dig through walls and to a lower floor.
Your four strong arms can wield two-handed weapons with a shield.
You have a pair of large antennae on your head. (SInv)


Message History

You feel sick.
A deep elf death mage comes into view. It is wielding a +0 rapier.
The deep elf sorcerer casts a spell at you.
The bolt of acid hits you!
You are splashed with acid!
A water elemental comes into view.
The deep elf sorcerer points at you and mumbles some strange words.
The sphere of damnation explodes!
The damnation engulfs you!!!
* * * LOW HITPOINT WARNING * * *
Unknown command.
You feel sick.
You are no longer poisoned.
The water elemental hits you.
The water elemental engulfs you in water!
You block the deep elf death mage's attack.
The deep elf sorcerer casts a spell at you.
The bolt of acid hits you!!!
* * * LOW HITPOINT WARNING * * *
The acid corrodes you!
You are splashed with acid!
You die...
Fedhas appreciates your contribution to the ecosystem.

...#........+...#..#.............
...#........#...#..#.............
...#........#..(#..#.............
...########'#...#..'...##########
................#..#...#........#
................#..#...#.(......#
................#..#...#........#
..<##########...#E.#)))#........#
...#........#..e@..#..)#........#
...#........#...#..#..)#........#
...#........#...#..#...#........#
...#........#..e#..#...#........#
...+........#...#..#...#.......['
...#........#...#..#...)........#
...#........#...#..#...#........#
...#........'...#..#...####'#####
...#........#...#..'....)........


You could see a deep elf death mage, a deep elf sorcerer (fast) and a water
elemental.

Vanquished Creatures
  A deep elf master archer (Elf:3)
  A deep elf blademaster (Elf:3)
  Asterion (Elf:1)
  Agnes (Elf:1)
  Gastronok (D:12)
  Roxanne (Elf:1)
  5 ghost moths
  5 deep elf sorcerers
  3 emperor scorpions
  2 deep elf elementalists (Elf:3)
  3 entropy weavers
  2 deep elf demonologists
  Nessos (D:12)
  A dire elephant (Lair:6)
  3 deep elf annihilators (Elf:3)
  A spark wasp (Spider:4)
  Azrael (Orc:2)
  5 deep elf death magi (Elf:3)
  2 rakshasas (D:15)
  A fire dragon (D:12)
  Josephine (Lair:6)
  A deep elf high priest (Elf:3)
  Erolcha (D:13)
  3 boulder beetles
  Fannar (D:10)
  Harold (D:10)
  6 hydras
  5 catoblepae
  31 dancing weapons
  6 centaur warriors
  2 two-headed ogres
  Urug (D:13)
  A sun demon (Lair:6)
  10 deep elf knights
  Sonja (D:11)
  A fire crab (shapeshifter) (D:15)
  A skeletal warrior (D:14)
  An unseen horror (D:14)
  A glowing orange brain (D:15)
  A wizard (Lair:6)
  5 deep elf archers
  2 lindwurms (Lair:6)
  45 deep elf magi
  4 orc knights
  31 wolf spiders
  22 orb spiders
  5 cyclopes
  A cyclops (shapeshifter) (Elf:2)
  A manticore (D:12)
  An ugly thing (D:15)
  An elephant (Lair:6)
  6 centaur zombies
  2 ice statues (IceCv)
  A moth of wrath (Spider:4)
  6 black mambas
  Psyche (D:12)
  Joseph (D:8)
  A torpor snail (shapeshifter) (Elf:1)
  2 torpor snails
  An orange demon (Lair:6)
  8 cane toads
  A yaktaur (D:14)
  An efreet (D:14)
  A kobold demonologist (D:14)
  6 rime drakes
  11 demonic crawlers
  3 ice devils (Lair:6)
  11 komodo dragons
  2 polar bears (Lair:6)
  A hellwing (Lair:6)
  49 jumping spiders
  A meliai (shapeshifter) (D:15)
  A tengu conjurer (D:14)
  A red devil (Lair:6)
  A jumping spider (shapeshifter) (D:15)
  6 meliai
  6 hornets
  4 trolls
  7 blink frogs
  9 slime creatures
  5 dream sheep
  A meliai zombie (D:15)
  A shadow (D:13)
  An air elemental (Elf:3)
  32 tarantellas
  3 water elementals
  Sigmund (D:2)
  6 wraiths
  38 yaks
  A vampire (D:11)
  87 redbacks
  A yak (shapeshifter) (Elf:1)
  11 fire elementals
  5 basilisks
  7 wyverns
  3 steam dragons
  3 wargs
  A soldier ant (D:12)
  An acid dragon (D:13)
  6 hell hounds
  15 water moccasins
  39 orc warriors
  18 ice beasts
  5 sky beasts
  2 phantoms
  8 ogres
  A necrophage (D:11)
  32 wolves
  34 centaurs
  4 big kobolds
  9 earth elementals
  A wyvern zombie (D:10)
  11 bullfrogs
  A wyvern skeleton (D:14)
  2 water moccasin skeletons
  3 scorpions
  8 killer bees
  28 wights
  A howler monkey (D:5)
  3 bullfrog zombies
  10 centaur skeletons
  14 orc priests
  21 orc wizards
  6 hounds
  6 jellies
  A bullfrog skeleton (D:6)
  A gnoll shaman (D:2)
  4 iguanas
  4 hell rats (Lair:4)
  10 worker ants
  A killer bee zombie (D:8)
  A hound zombie (D:8)
  A worker ant zombie (D:10)
  Robin (D:2)
  5 gnolls
  9 adders
  2 white imps (D:7)
  4 ufetubi
  An ooze (D:2)
  An adder zombie (D:8)
  2 adder skeletons (D:4)
  4 worms
  4 dart slugs
  7 leopard geckos
  75 orcs
  7 giant cockroaches
  12 goblins
  11 hobgoblins
  7 jackals (D:3)
  9 kobolds
  4 quokkas
  8 bats
  8 frilled lizards
  2 quokka zombies (D:5)
  9 rats
  A ballistomycete spore (Lair:6)
1098 creatures vanquished.

Vanquished Creatures (collateral kills)
  A dream sheep (Lair:3)
  A redback (Spider:1)
  A wyvern (Lair:3)
  2 hell rats (Lair:4)
  45 ballistomycete spores
50 creatures vanquished.

Vanquished Creatures (others)
  An unseen horror (D:15)
  A redback (Spider:1)
  An orc priest (Orc:1)
  3 ballistomycete spores
  79 fungi
  91 plants
176 creatures vanquished.

Grand Total: 1324 creatures vanquished

Notes
Turn   | Place    | Note
-------+----------+-------------------------------------------
     0 | D:1      | marklar909 the Formicid Earth Elementalist began the quest
                  | for the Orb.
     0 | D:1      | Reached XP level 1. HP: 13/13 MP: 3/3
   237 | D:1      | Reached XP level 2. HP: 19/19 MP: 3/5
   347 | D:1      | Reached skill level 4 in Earth Magic
   600 | D:1      | Reached XP level 3. HP: 22/24 MP: 0/6
  1013 | D:1      | Learned a level 3 spell: Stone Arrow
  1073 | D:2      | Reached XP level 4. HP: 28/30 MP: 3/8
  1100 | D:1      | Reached skill level 5 in Earth Magic
  1520 | D:2      | Reached XP level 5. HP: 35/35 MP: 6/9
  1664 | D:2      | Reached skill level 1 in Conjurations
  1968 | D:2      | Noticed Sigmund
  1975 | D:2      | Killed Sigmund
  1975 | D:2      | Reached skill level 6 in Earth Magic
  1975 | D:2      | Reached XP level 6. HP: 28/42 MP: 7/11
  2174 | D:2      | Noticed Robin
  3067 | D:2      | Killed Robin
  3067 | D:2      | Reached skill level 1 in Polearms
  3574 | D:3      | Reached XP level 7. HP: 47/47 MP: 11/13
  3657 | D:3      | Found an iron altar of Okawaru.
  3758 | D:3      | Found a faded altar of an unknown god.
  3914 | D:3      | Noticed an air elemental
  3916 | D:3      | Found a stormy altar of Qazlal.
  3917 | D:3      | Noticed a water elemental
  3918 | D:3      | Noticed a fire elemental
  4294 | D:4      | Reached skill level 7 in Earth Magic
  5259 | D:5      | Entered Level 5 of the Dungeon
  5279 | D:5      | Reached XP level 8. HP: 53/53 MP: 1/14
  5423 | D:5      | Reached skill level 8 in Earth Magic
  5492 | D:5      | Found Uretelysh's Armour Boutique.
  5648 | D:5      | Reached skill level 5 in Spellcasting
  6035 | D:5      | Reached skill level 9 in Earth Magic
  6259 | D:5      | Found a sparkling altar of Nemelex Xobeh.
  6313 | D:5      | Got an encrusted ring mail
  6327 | D:5      | Upgraded the game from 0.26-a0-660-gc07710193c to
                  | 0.26-a0-661-g406de6ba63
  6428 | D:6      | Reached skill level 1 in Fighting
  6607 | D:6      | Reached XP level 9. HP: 52/59 MP: 4/17
  6878 | D:6      | Reached skill level 1 in Armour
  6878 | D:6      | Reached skill level 1 in Shields
  7196 | D:6      | Found Oticuc's Armour Emporium.
  7358 | D:6      | Found a glowing silver altar of Zin.
  7360 | D:6      | Noticed an angel
  7366 | D:6      | Found a shimmering altar of Xom.
  7683 | D:6      | Found a glowing golden altar of the Shining One.
  7769 | D:6      | Found a staircase to the Ecumenical Temple.
  7778 | Temple   | Entered the Ecumenical Temple
  8135 | Temple   | Became a worshipper of Fedhas Madash
  8806 | D:2      | Found a burning altar of Makhleb.
  8851 | D:2      | Learned a level 5 spell: Lee's Rapid Deconstruction
  8856 | D:2      | Learned a level 4 spell: Petrify
  9524 | D:7      | Reached skill level 10 in Earth Magic
  9841 | D:8      | Noticed Joseph
  9868 | D:8      | Killed Joseph
 10047 | D:8      | Reached XP level 10. HP: 69/69 MP: 10/19
 10051 | D:8      | Reached * piety under Fedhas
 10346 | D:8      | Found a white marble altar of Elyvilon.
 10346 | D:8      | Found a broken altar of Ashenzari.
 10347 | D:8      | Found a snail-covered altar of Cheibriados.
 10874 | D:9      | Reached skill level 1 in Invocations
 11300 | D:9      | Noticed a komodo dragon
 11315 | D:9      | Killed a komodo dragon
 11457 | D:9      | Reached ** piety under Fedhas
 11761 | D:9      | Found a staircase to the Lair.
 11765 | D:9      | Reached skill level 5 in Stealth
 12194 | D:9      | Learned a level 3 spell: Mephitic Cloud
 12199 | D:9      | Learned a level 4 spell: Olgreb's Toxic Radiance
 12199 | D:9      | Identified a scroll of acquirement
 12199 | D:9      | Acquired a +1 kite shield of positive energy
 12213 | D:9      | Identified the +5 ring mail "Xaeq" {Int+2} (You found it on
                  | level 5 of the Dungeon)
 12263 | D:10     | Entered Level 10 of the Dungeon
 12539 | D:10     | Reached skill level 1 in Poison Magic
 12794 | D:10     | Noticed Harold
 12830 | D:10     | Killed Harold
 12830 | D:10     | Reached XP level 11. HP: 68/78 MP: 2/21
 12980 | D:10     | Noticed Fannar
 12993 | D:10     | Killed Fannar
 13789 | D:11     | Reached skill level 5 in Armour
 13789 | D:11     | Reached skill level 11 in Earth Magic
 13790 | D:11     | Noticed Sonja
 13972 | D:11     | Reached *** piety under Fedhas
 13988 | D:11     | Reached skill level 5 in Fighting
 14062 | D:11     | Found a shadowy altar of Dithmenos.
 14087 | D:11     | Found a frozen archway.
 14105 | IceCv    | Entered an ice cave
 14125 | IceCv    | Reached skill level 5 in Shields
 15171 | IceCv    | Noticed an ice dragon
 15291 | IceCv    | Noticed an ice dragon
 15339 | IceCv    | HP: 1/80 [ice dragon/blast of cold (15)]
 15355 | D:11     | Reached skill level 5 in Invocations
 15674 | D:11     | Killed Sonja
 15674 | D:11     | Reached XP level 12. HP: 87/87 MP: 23/23
 16348 | D:12     | Found a staircase to the Orcish Mines.
 16363 | D:12     | Noticed Psyche
 16373 | D:12     | Killed Psyche
 16404 | D:12     | Reached skill level 1 in Crossbows
 16454 | D:12     | Reached **** piety under Fedhas
 16490 | D:12     | Noticed Nessos
 16518 | D:12     | Killed Nessos
 16518 | D:12     | Reached skill level 5 in Transmutations
 17131 | D:12     | Noticed Gastronok
 17241 | D:12     | Noticed a fire dragon
 17436 | Lair:1   | Entered Level 1 of the Lair of Beasts
 18239 | Lair:1   | Reached skill level 5 in Poison Magic
 18728 | Lair:2   | Found a staircase to the Shoals.
 19431 | D:9      | Acquired the amulet "Qamozoiph" {Reflect Int+2 SH+5}
 20291 | Lair:3   | Reached XP level 13. HP: 36/95 MP: 9/24
 22328 | Lair:4   | Reached skill level 12 in Earth Magic
 22387 | Lair:4   | Noticed a catoblepas
 22411 | Lair:4   | Killed a catoblepas
 22579 | Lair:4   | Noticed a five-headed hydra
 22598 | Lair:4   | Killed a five-headed hydra
 22850 | Lair:4   | Found a hole to the Spider Nest.
 23733 | Lair:5   | Noticed an eight-headed hydra
 23883 | Lair:5   | Noticed a catoblepas
 23899 | Lair:5   | Killed a catoblepas
 24020 | Lair:5   | Found a staircase to the Slime Pits.
 24021 | Lair:5   | Found a viscous altar of Jiyva.
 24048 | Lair:5   | Killed an eight-headed hydra
 24620 | Lair:5   | Noticed a boulder beetle
 24654 | Lair:5   | Killed a boulder beetle
 24853 | Lair:6   | Entered Level 6 of the Lair of Beasts
 24853 | Lair:6   | Noticed Josephine
 24862 | Lair:6   | Killed Josephine
 25054 | Lair:6   | Noticed a six-headed hydra
 25146 | Lair:6   | Noticed a catoblepas
 25385 | Lair:5   | Killed a catoblepas
 25385 | Lair:5   | Reached XP level 14. HP: 103/103 MP: 20/26
 27512 | Lair:6   | Noticed a dire elephant
 27569 | Lair:6   | Killed a dire elephant
 27932 | Lair:6   | Found a burning altar of Makhleb.
 28530 | Lair:6   | Found a gateway to Hell.
 28807 | Lair:2   | Reached skill level 5 in Polearms
 29002 | Orc:1    | Entered Level 1 of the Orcish Mines
 29167 | Orc:1    | Reached ***** piety under Fedhas
 29446 | Orc:2    | Entered Level 2 of the Orcish Mines
 29453 | Orc:2    | Found Utaops's Assorted Antiques.
 29460 | Orc:2    | Found a staircase to the Elven Halls.
 29813 | Orc:2    | Bought a scroll of identify for 70 gold pieces
 29813 | Orc:2    | Bought a scroll of enchant weapon for 262 gold pieces
 29813 | Orc:2    | Bought a potion of might for 140 gold pieces
 29813 | Orc:2    | Bought a scroll of enchant armour for 262 gold pieces
 29863 | Orc:2    | Noticed Azrael
 30568 | Orc:2    | Killed Azrael
 30837 | Orc:2    | Reached XP level 15. HP: 95/111 MP: 18/28
 31444 | Orc:2    | Reached skill level 13 in Earth Magic
 31801 | Orc:2    | Found a roughly hewn altar of Beogh.
 31966 | Orc:2    | Found Hetwi's Armour Boutique.
 31966 | Orc:2    | Found Zoaduuth's Antique Armour Emporium.
 31968 | Orc:2    | Found Leames's Antique Armour Shoppe.
 31970 | Orc:2    | Found Kihotz's Assorted Antiques.
 31974 | Orc:2    | Bought the +5 pair of boots "Uttouc" {Int+6 SInv} for 746
                  | gold pieces
 32005 | Orc:2    | Bought an encrusted cloak for 285 gold pieces
 32051 | Orc:2    | Identified the +0 cloak of the Rose {MR+} (You bought it in
                  | a shop on level 2 of the Orcish Mines)
 32421 | Orc:2    | Reached skill level 5 in Crossbows
 32778 | Orc:1    | Reached ****** piety under Fedhas
 33179 | Orc:1    | Found a roughly hewn altar of Beogh.
 33427 | D:12     | Killed Gastronok
 34285 | D:13     | Noticed Urug
 34301 | D:13     | Killed Urug
 34871 | D:13     | Noticed Erolcha
 34879 | D:13     | Killed Erolcha
 34916 | D:13     | Found a shimmering blue altar of Sif Muna.
 35292 | D:14     | Reached skill level 10 in Shields
 35589 | D:14     | Reached skill level 10 in Armour
 36331 | D:14     | Reached skill level 10 in Spellcasting
 36919 | D:14     | Found a gate to the Vaults.
 37608 | D:15     | Entered Level 15 of the Dungeon
 37620 | D:15     | Reached XP level 16. HP: 105/120 MP: 30/30
 38212 | D:15     | Found Gaenuif's Armour Shop.
 38273 | D:15     | Bought a +1 pair of gloves of archery for 247 gold pieces
 38695 | D:15     | Found a staircase to the Depths.
 39610 | D:15     | Bought a +2 leather armour of poison resistance for 240
                  | gold pieces
 39904 | Spider:1 | Entered Level 1 of the Spider Nest
 42368 | Spider:2 | Reached skill level 10 in Fighting
 42387 | Spider:2 | Reached XP level 17. HP: 91/128 MP: 19/31
 43282 | Spider:2 | Found a runed translucent door.
 43791 | Spider:2 | Reached skill level 5 in Dodging
 44704 | Spider:2 | Got a heavily runed plate armour
 44710 | Spider:2 | Identified the +2 plate armour of Demons {MR+++ MP+9 Dex-3
                  | Slay+5} (You found it on level 2 of the Spider Nest)
 44733 | Spider:2 | You fall into a shaft and drop 1 floor!
 45901 | Spider:4 | Entered Level 4 of the Spider Nest
 46817 | Spider:4 | Reached XP level 18. HP: 136/136 MP: 33/33
 48405 | Spider:4 | Got a gossamer rune of Zot
 48704 | D:9      | Reached skill level 1 in Unarmed Combat
 48704 | D:9      | Reached skill level 14 in Earth Magic
 48704 | D:9      | Reached skill level 1 in Evocations
 48704 | D:9      | Reached XP level 19. HP: 143/143 MP: 34/34
 48852 | D:5      | Bought a +3 chain mail of magic resistance for 371 gold
                  | pieces
 49034 | Elf:1    | Entered Level 1 of the Elven Halls
 49577 | Elf:1    | Noticed Asterion
 49587 | Elf:1    | Killed Asterion
 49932 | Elf:1    | Noticed Agnes
 49948 | Elf:1    | Killed Agnes
 50031 | Elf:1    | Identified Roxanne's Catalogue of the Battered Planets
 50031 | Elf:1    | Noticed Roxanne
 50036 | Elf:1    | Killed Roxanne
 50036 | Elf:1    | Reached skill level 10 in Invocations
 50200 | Elf:1    | Learned a level 6 spell: Statue Form
 50598 | Elf:1    | Noticed a Hell Sentinel
 51797 | Elf:2    | Found Rutraqu's Book Emporium.
 52006 | Elf:2    | Found a runed translucent gate.
 52008 | Elf:2    | Found a runed translucent gate.
 52009 | Elf:2    | Found a runed translucent gate.
 52611 | Elf:2    | Reached XP level 20. HP: 140/151 MP: 21/35
 53080 | Elf:2    | Reached skill level 15 in Earth Magic
 53509 | Elf:2    | Got a slimy chain mail
 53510 | Elf:2    | Identified the +0 chain mail of Midwinter {rF+ Str-5 Dex+7}
                  | (You found it on level 2 of the Elven Halls)
 53549 | Elf:3    | Entered Level 3 of the Elven Halls
 53834 | Elf:3    | Got a transparent ring mail
 53937 | Elf:3    | Reached skill level 10 in Transmutations
 54056 | Elf:3    | Reached skill level 10 in Polearms
 54830 | Elf:3    | Identified the +5 long sword of the Devouring Stoat {flame,
                  | rPois}
 54866 | Elf:2    | HP: 7/153 [poisoned by a deep elf annihilator (poison
                  | arrow)]
 54872 | Elf:2    | HP: 6/153 [poisoned by a deep elf annihilator (poison
                  | arrow)]
 54878 | Elf:2    | HP: 6/153 [poisoned by a deep elf annihilator (poison
                  | arrow)]
 54886 | Elf:2    | HP: 7/153 [poisoned by a deep elf annihilator (poison
                  | arrow)]
 55496 | Elf:3    | Found a portal to a secret trove of treasure.
 55559 | Elf:3    | Reached skill level 16 in Earth Magic
 55578 | Elf:3    | HP: 1/153 [deep elf sorcerer/bolt of acid (42)]
 55578 | Elf:3    | Splashed by a deep elf sorcerer's acid

Illustrated notes

Levels and vault maps discovered:
D:1:      dpeg_arrival_stone_temple_mockup, layout_basic
D:2:      layout_loops_cross, lemuel_coloured_pillars_altar, uniq_robin,
          uniq_sigmund
D:3:      layout_basic, okawaru_metal_pillars_1_2,
          nicolae_qazlal_style_of_elements, chequers_ecumenical_altar_grove,
          minmay_misc_feat_chi, glass_columns_b
D:4:      layout_rooms
D:5:      layout_loops_ring, kennysheep_little_box, serial_shops, shop,
          kennysheep_generic_room_5
D:6:      kennysheep_steamy, layout_cave_pools,
          grunt_temple_overflow_order_and_chaos_1, tso_oasis_becter,
          lemuel_temple_firewalk_b, serial_shops, nicolae_shop_waterfront
D:7:      layout_basic
D:8:      layout_basic, gammafunk_temple_overflow_claw, uniq_joseph
D:9:      layout_loops_cross, grunt_lair_entry_orc_guard_hut
D:10:     layout_small_grid, lightli_corner_chamber, uniq_fannar, uniq_harold
D:11:     layout_long_grid, portal_ice_cave_entry_pillars_1,
          serial_park_tiny_pond, grunt_dithmenos_smoke_and_mirrors, uniq_sonja
D:12:     layout_irregular_city, orc_0_dummy, uniq_gastronok, uniq_psyche,
          uniq_nessos
D:13:     layout_roguey, tgw_sif, uniq_urug, uniq_erolcha
D:14:     layout_irregular_city, hangedman_vaults_entry_quadrant_bands,
          chequers_decorated_corner
D:15:     gammafunk_enter_depths_forms, layout_basic, chequers_mini_garden,
          serial_shops, nicolae_shop_statue_plus, hangedman_cracks_in_the_wall
Temple:   minmay_temple_forest_path
Lair:1:   layout_hall_layers
Lair:2:   layout_small_grid, minmay_shoals_entry_centaurs, minivault_11,
          chequers_serial_rivers_large_a
Lair:3:   layout_long_grid, nicolae_volcano_entry_two_sided,
          nicolae_quartered_pool_super
Lair:4:   layout_loops_ring, nicolae_spider_entry_tight_spaces,
          infiniplex_staircase_pool
Lair:5:   layout_long_grid, slime_altar_1, grunt_megastairs_3
Lair:6:   evil_forest, layout_small_grid, grunt_forest_large_clearings,
          uniq_josephine
Spider:1: layout_spider_delve
Spider:2: cheibrodos_spider_deadly_dance, nicolae_spider_webbed_stairs
Spider:3: layout_spider_delve, nicolae_spider_cling_ruins
Spider:4: grunt_spider_rune_parallel
Orc:1:    nicolae_orc_accident_1, layout_caves, basic_altar, mines3_lemuel
Orc:2:    st_orc_rangers, layout_caves, serial_shops, shop, minmay_orc_temple_b,
          uniq_azrael
Elf:1:    eino_elf_arrival_sip, layout_loops_cross, hangedman_elf_represent,
          uniq_agnes, uniq_roxanne, uniq_asterion
Elf:2:    layout_gridlike, serial_shops, nicolae_shop_trees,
          palyth_stone_intersect
Elf:3:    grunt_elf_hall_branching, layout_onion_city, enter_trove_0

Skill      XL: |  1  2  3  4  5  6  7  8  9 10 11 12 13 14 15 16 17 18 19 20 |
---------------+-------------------------------------------------------------+-----
Earth Magic    | 4 5 6 7 9 10 11 12 13 14 16 | 16.0
Dodging        | 2 3 4 5 6 7 |  7.1
Spellcasting   | 3 4 5 6 7 8 9 10 11 12 | 12.4
Conjurations   | 1 2 3 4 |  4.4
Polearms       | 1 2 3 4 5 6 7 8 9 10 | 10.1
Stealth        | 3 4 5 7 8 |  8.4
Fighting       | 1 2 4 5 6 7 8 9 10 11 12 | 12.0
Armour         | 3 4 6 7 8 9 10 11 12 | 12.6
Shields        | 3 4 5 6 7 9 10 11 12 13 | 13.5
Invocations    | 2 5 6 7 8 9 10 | 10.2
Poison Magic   | 1 3 5 7 8 9 |  9.9
Transmutations | 2 4 5 6 7 8 9 10 | 10.4
Crossbows      | 1 3 4 6 7 |  7.7
Unarmed Combat | 1 |  1.0
Evocations     | 1 |  1.2
Throwing       | |  0.7

Action                   |  1- 3 |  4- 6 |  7- 9 | 10-12 | 13-15 | 16-18 | 19-21 || total
-------------------------+-------+-------+-------+-------+-------+-------+-------++-------
Melee: Unarmed           |     9 |       |       |       |       |       |       ||     9
       Spear             |       |   103 |    73 |   416 |   322 |       |       ||   914
       Trident           |       |       |       |       |   204 |    28 |       ||   232
       Glaive            |       |       |       |       |       |   553 |   198 ||   751
 Fire: Arbalest          |       |       |     3 |    30 |   301 |    81 |       ||   415
Throw: Stone             |       |       |     4 |       |       |       |       ||     4
 Cast: Sandblast         |    45 |    52 |    77 |    70 |   125 |    24 |    11 ||   404
       Stone Arrow       |       |     7 |    59 |    95 |   182 |    18 |     7 ||   368
       Lee's Rapid Decon |       |       |     3 |    39 |    87 |    60 |   107 ||   296
       Petrify           |       |       |     2 |    14 |    11 |    19 |       ||    46
       Olgreb's Toxic Ra |       |       |       |       |    29 |    80 |    14 ||   123
       Mephitic Cloud    |       |       |       |       |    11 |       |     2 ||    13
Invok: Wall of Briars    |       |       |       |     2 |     5 |     1 |     3 ||    11
       Grow Ballistomyce |       |       |       |     1 |     4 |     1 |     2 ||     8
       Grow Oklob        |       |       |       |       |       |       |     1 ||     1
 Abil: Dig               |       |       |       |     7 |       |     3 |     1 ||    11
Evoke: Wand              |       |       |       |     7 |     3 |       |       ||    10
       Tin of tremorston |       |       |       |       |       |     2 |       ||     2
  Use: Scroll            |     2 |       |     9 |    17 |    11 |     6 |     3 ||    48
       Potion            |       |     2 |       |     4 |     2 |     6 |       ||    14
 Stab: Sleeping          |       |     2 |     5 |     3 |     3 |     3 |       ||    16
       Distracted        |       |       |     1 |       |       |     1 |       ||     2
       Petrified         |       |       |     9 |    46 |    19 |    32 |       ||   106
       Petrifying        |       |       |       |     2 |       |     6 |       ||     8
       Paralysed         |       |       |       |    20 |       |       |       ||    20
       Confused          |       |       |       |       |     2 |       |     2 ||     4
Armor: Robe              |    11 |    39 |    18 |       |       |       |       ||    68
       Leather armour    |       |       |     8 |     9 |    19 |   407 |       ||   443
       Steam dragon scal |       |       |     2 |       |       |       |       ||     2
       Ring mail         |       |       |       |   160 |   216 |    63 |       ||   439
       Scale mail        |       |       |       |    27 |       |       |       ||    27
       Chain mail        |       |       |       |       |       |       |    40 ||    40
       Plate armour      |       |       |       |       |       |       |    49 ||    49
Dodge: Dodged            |    15 |    71 |    72 |   214 |   319 |   762 |    63 ||  1516
Block: Kite shield       |       |       |       |   217 |   664 |  1009 |   174 ||  2064
       Reflection        |       |       |       |       |    78 |     8 |    20 ||   106

Table legend: (Time is in decaauts)
 A = Elapsed time spent in this place.
 B = Non-inter-level travel time spent in this place.
 C = Inter-level travel time spent in this place.
 D = Time resting spent in this place.
 E = Time spent auto-exploring this place.
 F = Levels seen in this place.
 G = Mean time per level.
                   A        B        C        D        E       F      G
               +--------+--------+--------+--------+--------+-----+--------+
         Total |  56194 |  50234 |   5960 |  12086 |  28192 |  32 | 1756.1 |
       Dungeon |  23593 |  20380 |   3213 |   2959 |  13710 |  15 | 1572.9 |
        Temple |    411 |    308 |    103 |      0 |    304 |   1 |  411.0 |
          Lair |  13283 |  11949 |   1334 |   2954 |   6756 |   6 | 2213.8 |
   Spider Nest |   7140 |   6623 |    517 |   2409 |   2629 |   4 | 1785.0 |
  Orcish Mines |   4453 |   3978 |    475 |   1542 |   1570 |   2 | 2226.5 |
   Elven Halls |   6074 |   5758 |    316 |   1601 |   3035 |   3 | 2024.7 |
      Ice Cave |   1237 |   1237 |      0 |    621 |    186 |   1 | 1237.0 |
               +--------+--------+--------+--------+--------+-----+--------+

Top non-repeatable levels by time:
  Lair:4: 3390 daAuts
  Lair:6: 2990 daAuts
   Elf:2: 2475 daAuts
   Orc:2: 2344 daAuts
Spider:4: 2123 daAuts
   Orc:1: 2109 daAuts
    D:15: 2108 daAuts
   Elf:1: 2001 daAuts
     D:9: 1964 daAuts
  Lair:3: 1958 daAuts
  Lair:2: 1951 daAuts
    D:14: 1950 daAuts
  Lair:5: 1936 daAuts
Spider:2: 1923 daAuts
    D:12: 1923 daAuts
